 Dungeon Crawl Stone Soup version 0.26-a0-307-g4e7fcc93f0 (webtiles) character file.

Game seed: 6608775539012897761

50 AvylaarBelgium the Cudgeler (level 3, -5/29 HPs)
             Began as a Demonspawn Gladiator on July 15, 2020.
             Slain by a gnoll
             ... wielding a +1 halberd of venom
              (9 damage)
             ... on level 2 of the Dungeon.
             The game lasted 00:02:06 (1196 turns).

AvylaarBelgium the Cudgeler (Demonspawn Gladiator)  Turns: 1196, Time: 00:02:07

Health: -5/29      AC:  5    Str: 14    XL:     3   Next: 55%
Magic:  3/3        EV: 12    Int: 10    God:
Gold:   54         SH:  0    Dex: 14    Spells: 2/2 levels left

rFire    . . .     SeeInvis .   a - +0 flail
rCold    . . .     Faith    .   (no shield)
rNeg     . . .     Spirit   .   b - +0 leather armour
rPois    .         Reflect  .   c - +0 helmet
rElec    .         Harm     .   e - +0 cloak
rCorr    .                      (no gloves)
MR       .....                  (no boots)
Stlth    +.........             (no amulet)
HPRegen  0.09/turn              (no ring)
MPRegen  0.08/turn              (no ring)

@: lethally poisoned (-5 -> -35)
A: powered by death 1
a: no special abilities


You were on level 2 of the Dungeon.
You visited 1 branch of the dungeon, and saw 2 of its levels.

You collected 54 gold pieces.

Inventory:

Hand Weapons
 a - a +0 flail (weapon)
Missiles
 d - 3 throwing nets (quivered)
Armour
 b - a +0 leather armour (worn)
 c - a +0 helmet (worn)
 e - a +0 cloak (worn)
 i - a +2 robe of magic resistance
Scrolls
 f - a scroll of blinking {unknown}
 g - 2 scrolls of identify {unknown}
 k - a scroll of amnesia {unknown}
 l - a scroll of immolation {unknown}
Potions
 h - a potion of curing {unknown}
 j - a potion of might {unknown}


   Skills:
 + Level 3.1 Fighting
 + Level 3.5 Maces & Flails
 - Level 1.7 Throwing
 - Level 2.6 Dodging


You had 2 spell levels left.
You didn't know any spells.
Your spell library was empty.

Dungeon Overview and Level Annotations

Branches:
Dungeon (2/15)

Altars:

Annotations:
D:1 exclusion: downstairs


Innate Abilities, Weirdness & Mutations

You regenerate a little health from kills.


Message History

You feel sick.
The gnoll hits you with a +1 halberd of venom.
You are more poisoned.
You hit the gnoll.
The gnoll is moderately wounded.
You feel sick. The gnoll closely misses you.
You hit the gnoll but do no damage.
The gnoll is moderately wounded.
You feel sick.
The gnoll hits you with a +1 halberd of venom!
* * * LOW HITPOINT WARNING * * *
You are more poisoned.
* * * LOW HITPOINT WARNING * * *
You feel sick. The gnoll closely misses you.
There is a stone staircase leading up here.
You see here a stone.
* * * LOW HITPOINT WARNING * * *
You feel very sick.
The gnoll hits you from afar with a +1 halberd of venom!
You die...

#.####g# .
#####
#.##...#
.....
#.##.###
#...##....#
# #..#..###
#. #....#
##.##....#
#..#..##g#
#...@..#
#.#..###..#
#....# ##.#
#...†# .#
#...## ..
#... ###
#... #...
#...


You could see a gnoll.

Vanquished Creatures
  A gnoll (D:1)
  An adder (D:2)
  2 dart slugs
  A leopard gecko (D:1)
  2 goblins (D:1)
  6 hobgoblins
  2 kobolds (D:1)
  7 bats
  3 rats (D:1)
25 creatures vanquished.

Notes
Turn   | Place    | Note
-------+----------+-------------------------------------------
     0 | D:1      | AvylaarBelgium the Demonspawn Gladiator began the quest for
                  | the Orb.
     0 | D:1      | Reached XP level 1. HP: 16/16 MP: 1/1
   164 | D:1      | Gained mutation: You regenerate a little health from kills.
                  | [demonic ancestry]
   164 | D:1      | Reached XP level 2. HP: 23/23 MP: 2/2
   979 | D:2      | Reached XP level 3. HP: 24/28 MP: 3/3
  1196 | D:2      | Slain by a gnoll

Illustrated notes

Levels and vault maps discovered:
D:1:      elethiomel_arrival_maze, layout_basic
D:2:      layout_rooms, nicolae_ru_great_annihilating_truth

Skill      XL: |  1  2  3 |
---------------+----------+-----
Maces & Flails | 3 |  3.5
Fighting       | 3 |  3.1
Throwing       | |  1.7
Dodging        | |  2.6

Action                   || total
-------------------------++-------
Melee: Flail             ||    78
 Stab: Sleeping          ||     1
Armor: Leather armour    ||    46
Dodge: Dodged            ||    64

Table legend:
 A = Non-vault XP
 B = Vault XP
 C = Vault XP percentage of total XP
 D = Non-vault monster count
 E = Vault monster count
 F = Vault count percentage of total count
                 A         B        C        D         E       F
            +---------+---------+-------+---------+---------+-------
      Total |      72 |       0 |   0.0 |      25 |       0 |   0.0
            +---------+---------+-------+---------+---------+-------
        D:1 |      46 |       0 |   0.0 |      18 |       0 |   0.0
        D:2 |      26 |       0 |   0.0 |       7 |       0 |   0.0
            +---------+---------+-------+---------+---------+-------
